 Dungeon Sprint DCSS version 0.31-a0-1576-ga3383bade6 (webtiles) character file.

Game seed: 2956607616437277486

16993 sircluck the Brawler (level 12, -19/141 HPs)
             Began as a Troll Berserker on Jan 4, 2024.
             Was an Elder of Trog.
             Killed from afar by an oklob plant (30 damage)
             ... with a splash of acid
             ... in the Dungeon (Sprint IV: "Fedhas' Mad Dash").
             The game lasted 00:10:42 (3047 turns).

sircluck the Brawler (Troll Berserker)              Turns: 3047, Time: 00:10:42

Health: -19/141    AC: -8    Str: 38    XL:     12   Next: 15%
Magic:  11/11      EV: 15    Int:  3    God:    Trog [****..]
Gold:   16         SH: 10    Dex: 12    Spells: 11/11 levels left

rFire   . .          .
                       - Unarmed
rCold   . . .        n - +0 kite shield
rNeg    . . .        a - +0 animal skin
rPois   .            (helmet restricted)
rElec   .            (no cloak)
rCorr   .            (gloves unavailable)
SInv    .            (boots unavailable)
Will    .....        l - amulet of Ofeareg {Faith Dex+3}
Stlth   +            g - +6 ring of strength
HPRegen 1.23/turn    (no ring)
MPRegen 0.12/turn

%: no teleportation, faith
@: corroded, on berserk cooldown, slowed, very slow
A: large, unfitting armour, claws 3, regeneration 1, shaggy fur 1, tough skin 1
a: Renounce Religion, Berserk, Trog's Hand, Brothers in Arms


You were in the Dungeon.
You worshipped Trog.
Trog was greatly pleased with you.
You visited 1 branch You collected 524 gold pieces.
You spent 508 gold pieces at shops.

Inventory:

Armour
 a - a +0 animal skin (worn)
 n - a +0 kite shield (worn)
Jewellery
 g - a +6 ring of strength (left claw)
 h - the amulet of invisibility {+Inv}
   (You found it in the Dungeon)

   [amulet of nothing]

   +Inv:      It lets you turn invisible.
 l - the amulet of Ofeareg (around neck) {Faith Dex+3}
   (You found it in the Dungeon)

   [amulet of faith]

   Faith:     It allows you to gain divine favour quickly.
   Dex+3:     It affects your dexterity (+3).
Scrolls
 k - a scroll of enchant weapon
Potions
 b - a potion of curing
 c - a potion of heal wounds
 d - a potion of haste
 e - 2 potions of magic
 f - a potion of berserk rage
 j - a potion of brilliance {unknown}
 m - a potion of might {unknown}
Miscellaneous
 i - a lightning rod (4/4)


   Skills:
 + Level 15.0 Fighting
 + Level 14.9 Dodging
 + Level 9.1 Shields
 + Level 17.5 Unarmed Combat


You had 11 spell levels left.
You didn't know any spells.
Your spell library was empty.

Dungeon Overview and Level Annotations

Branches:
Dungeon (1/1)

Altars:
Cheibriados
Dithmenos
Elyvilon
Gozag
Hepliaklqana
Kikubaaqudgha
Makhleb
Nemelex Xobeh
Okawaru
Qazlal
Ru
Sif Muna
Trog
Uskayaw
Vehumet
Wu Jian
Xom
Yredelemnul
Zin
The Shining One
Jiyva
Lugonu

Shops:
D [=(!!*=:(*::!([[(=!(*

Annotations:
D exclusion: 5 oklob plants


Innate Abilities, Weirdness & Mutations

You are too large for most types of armour.
You have claws for hands.
Your natural rate of healing is unusually fast.
You are covered in fur. (AC +1)
You have tough skin. (AC +1)


Message History

The oklob plant spits acid at you. The splash of acid hits you!!
The oklob plant spits acid at you. The splash of acid hits you!!
You feel your anger nearly subside.
You are no longer berserk.
You are exhausted.
You feel yourself slow down.
You eviscerate the oklob plant!!!
The oklob plant is severely damaged.
The oklob plant spits acid at you. The splash of acid misses you.
The oklob plant spits acid at you. The splash of acid misses you.
You claw the oklob plant!
The oklob plant is almost destroyed.
The oklob plant spits acid at you. The splash of acid hits you!!
You scratch the oklob plant but do no damage.
The oklob plant is almost destroyed.
The oklob plant spits acid at you. The splash of acid hits you!
You claw the oklob plant!
The oklob plant is almost destroyed.
You eviscerate the oklob plant!!!
You destroy the oklob plant!
Trog accepts your kill.
You can now call in reinforcements.
The oklob plant spits acid at you. The splash of acid hits you!!
The acid corrodes you!
Unknown command.
The oklob plant spits acid at you. The splash of acid hits you!!
* * * LOW HITPOINT WARNING * * *
The oklob plant spits acid at you. The splash of acid hits you!!
* * * LOW HITPOINT WARNING * * *
The acid corrodes you! The oklob plant spits acid at you.
The splash of acid hits you!!
You die...

...#####...♣).....♣...♣###
.....)......♣.....∩.∩...|#
.....#####################
###### ####### #######
#..#####...∩∩###.....###
..)'........[##...P..†.#
...#####P....'......:###
...# ##################
...#####∩∩∩#....@...P.P.#
...'....∩.∩'............+
...#####∩∩∩#.......P.P.P#
#### ##################


You could see 5 oklob plants.

Vanquished Creatures
  A ghost moth (D)
  A spriggan defender (D)
  2 demonic crawlers (D)
  A spriggan berserker (D)
  15 oklob plants (D)
  A queen bee (D)
  2 burning bushes (D)
  2 hornets (D)
  2 wandering mushrooms (D)
  4 scorpions (D)
  4 killer bees (D)
  4 oklob saplings (D)
  8 spriggans (D)
  A river rat (D)
  A rat (D)
49 creatures vanquished.

Vanquished Creatures (collateral kills)
  Agnes (D)
  A demonic crawler (D)
  A spriggan berserker (D)
  A spriggan druid (D)
  3 oklob plants (D)
  A wandering mushroom (D)
  A burning bush (D)
  4 hornets (D)
  An oklob sapling (D)
14 creatures vanquished.

Vanquished Creatures (others)
  2 ballistomycete spores (D)
2 creatures vanquished.

Grand Total: 65 creatures vanquished

Notes
Turn   | Place    | Note
-------+----------+-------------------------------------------
     0 | D        | sircluck the Troll Berserker began the quest for the Orb.
     0 | D        | Reached XP level 1. HP: 22/22 MP: 0/0
    10 | D        | Reached XP level 2. HP: 21/31 MP: 1/1
    24 | D        | Noticed an oklob sapling
    52 | D        | Killed an oklob sapling
    52 | D        | Reached ** piety under Trog
    53 | D        | Reached skill level 4 in Unarmed Combat
    53 | D        | Reached XP level 3. HP: 39/39 MP: 2/2
    54 | D        | Noticed a scorpion
    54 | D        | Found the amulet of invisibility {+Inv}
    57 | D        | Killed a scorpion
    58 | D        | Reached skill level 5 in Unarmed Combat
    58 | D        | Reached XP level 4. HP: 41/49 MP: 3/3
   115 | D        | Reached skill level 5 in Fighting
   115 | D        | Reached skill level 5 in Dodging
   115 | D        | Reached skill level 6 in Unarmed Combat
   129 | D        | Noticed a queen bee
   136 | D        | Reached XP level 5. HP: 59/59 MP: 4/4
   145 | D        | Reached *** piety under Trog
   146 | D        | Reached skill level 7 in Unarmed Combat
   154 | D        | Killed a queen bee
   155 | D        | Reached skill level 9 in Unarmed Combat
   155 | D        | Reached XP level 6. HP: 39/72 MP: 5/5
   156 | D        | Reached XP level 7. HP: 43/79 MP: 6/6
   237 | D        | Found an opulent altar of Gozag.
   237 | D        | Found a hazy altar of Hepliaklqana.
   237 | D        | Found a burning altar of Makhleb.
   237 | D        | Found a sparkling altar of Nemelex Xobeh.
   237 | D        | Found a snail-covered altar of Cheibriados.
   237 | D        | Found a sacrificial altar of Ru.
   237 | D        | Found a shimmering blue altar of Sif Muna.
   237 | D        | Found a shimmering altar of Xom.
   237 | D        | Found a basalt altar of Yredelemnul.
   245 | D        | Found a viscous altar of Jiyva.
   245 | D        | Found a bloodstained altar of Trog.
   245 | D        | Found an ornate altar of the Wu Jian Council.
   246 | D        | Found an iron altar of Okawaru.
   246 | D        | Found a glowing silver altar of Zin.
   246 | D        | Found a shadowy altar of Dithmenos.
   247 | D        | Found an ancient bone altar of Kikubaaqudgha.
   247 | D        | Found a hide-covered altar of Uskayaw.
   248 | D        | Found a stormy altar of Qazlal.
   248 | D        | Found a glowing golden altar of the Shining One.
   248 | D        | Found a white marble altar of Elyvilon.
   249 | D        | Found a corrupted altar of Lugonu.
   249 | D        | Found a radiant altar of Vehumet.
   256 | D        | Reached **** piety under Trog
   320 | D        | Found Aplaar's Antique Armour Shop.
   320 | D        | Found Ysyed's Weapon Emporium.
   363 | D        | Noticed a burning bush
   363 | D        | Noticed a wandering mushroom
   364 | D        | Noticed a wandering mushroom
   414 | D        | Reached ***** piety under Trog
   415 | D        | Reached skill level 10 in Unarmed Combat
   422 | D        | Killed a wandering mushroom
   423 | D        | Reached XP level 8. HP: 67/92 MP: 7/7
   455 | D        | Killed a burning bush
   456 | D        | Reached skill level 11 in Unarmed Combat
   462 | D        | Found Uwniezul's Distillery.
   462 | D        | Found Narghor's Jewellery Shoppe.
   558 | D        | Noticed a burning bush
   564 | D        | Killed a burning bush
   585 | D        | Noticed an oklob plant
   618 | D        | Killed an oklob plant
   619 | D        | Reached skill level 10 in Fighting
   619 | D        | Reached skill level 10 in Dodging
   619 | D        | Reached skill level 12 in Unarmed Combat
   633 | D        | Noticed a burning bush
   633 | D        | Noticed an oklob plant
   644 | D        | Killed a burning bush
   645 | D        | Reached XP level 9. HP: 102/102 MP: 8/8
   648 | D        | Noticed a wandering mushroom
   656 | D        | Killed an oklob plant
   658 | D        | Killed a wandering mushroom
   659 | D        | Reached skill level 13 in Unarmed Combat
   679 | D        | Noticed a spriggan druid
   682 | D        | Killed a spriggan druid
   733 | D        | Noticed an oklob plant conjurer
   784 | D        | Killed an oklob plant conjurer
   817 | D        | Noticed an oklob plant
   817 | D        | Noticed an oklob plant summoner
   818 | D        | Noticed an oklob plant shifter
   824 | D        | Killed an oklob plant
   825 | D        | Reached XP level 10. HP: 115/115 MP: 9/9
   829 | D        | Killed an oklob plant summoner
   829 | D        | Received a gift from Trog
   831 | D        | Killed an oklob plant shifter
   832 | D        | Reached skill level 14 in Unarmed Combat
   947 | D        | Noticed a demonic crawler
   954 | D        | Killed a demonic crawler
  1002 | D        | Noticed a spriggan rider
  1005 | D        | Found Ujis's Antique Weapon Emporium.
  1012 | D        | Reached ****** piety under Trog
  1054 | D        | Found Manailus's Assorted Antiques.
  1068 | D        | Bought a kite shield for 76 gold pieces
  1099 | D        | Noticed Agnes
  1105 | D        | Killed Agnes
  1106 | D        | Reached skill level 15 in Unarmed Combat
  1109 | D        | Noticed a spriggan berserker
  1112 | D        | Killed a spriggan berserker
  1185 | D        | Found Baoxomme's Armour Emporium.
  1187 | D        | Found Tanarph's Weapon Shoppe.
  1188 | D        | Noticed a spriggan defender
  1197 | D        | Killed a spriggan defender
  1197 | D        | Received a gift from Trog
  1198 | D        | Reached XP level 11. HP: 127/127 MP: 10/10
  1356 | D        | Noticed a spriggan rider
  1399 | D        | Killed a spriggan rider
  1400 | D        | Reached skill level 5 in Shields
  1486 | D        | Noticed a demonic crawler
  1513 | D        | Killed a demonic crawler
  1518 | D        | Killed a ghost moth
  1519 | D        | Reached skill level 16 in Unarmed Combat
  1547 | D        | Found Oghah's Armour Shoppe.
  1547 | D        | Found Vapnomm's Jewellery Boutique.
  1547 | D        | Found Filoc's Weapon Emporium.
  1940 | D        | Noticed an oklob plant shifter
  1940 | D        | Noticed an oklob plant meteorologist
  1957 | D        | Killed an oklob plant meteorologist
  1979 | D        | Killed an oklob plant shifter
  1996 | D        | Noticed a demonic crawler
  1999 | D        | Noticed a spriggan rider
  2006 | D        | Killed a demonic crawler
  2061 | D        | Noticed an oklob plant summoner
  2066 | D        | Found Qediab's Book Emporium.
  2189 | D        | Found Synof's Distillery.
  2194 | D        | Killed an oklob plant summoner
  2321 | D        | Noticed an oklob plant demonologist
  2321 | D        | Noticed an oklob plant annihilator
  2327 | D        | Noticed a spriggan berserker
  2343 | D        | Killed a spriggan berserker
  2414 | D        | Found Nojus's Distillery.
  2414 | D        | Found Coddaor's General Store.
  2414 | D        | Found Tis Yrud's Distillery.
  2414 | D        | Found Zalah's Book Emporium.
  2414 | D        | Found Ubli's Jewellery Shoppe.
  2415 | D        | Found Buno's Assorted Antiques.
  2415 | D        | Found Wihoth's Book Shop.
  2415 | D        | Found Iboav's Antique Weapon Boutique.
  2436 | D        | Noticed an oklob plant
  2436 | D        | Noticed an oklob plant
  2436 | D        | Noticed an oklob plant
  2436 | D        | Noticed an oklob plant
  2436 | D        | Noticed an oklob plant
  2436 | D        | Noticed an oklob plant
  2459 | D        | Bought a +6 ring of strength for 432 gold pieces
  2607 | D        | Killed an oklob plant annihilator
  2611 | D        | Killed an oklob plant demonologist
  2639 | D        | Reached skill level 17 in Unarmed Combat
  2640 | D        | Identified the amulet of Ofeareg {Faith Dex+3}
  2691 | D        | Killed an oklob plant
  2691 | D        | Killed an oklob plant
  2817 | D        | Noticed an oklob plant
  2818 | D        | Noticed an oklob plant
  2819 | D        | Noticed an oklob plant
  2821 | D        | Killed an oklob plant
  2822 | D        | Reached XP level 12. HP: 140/140 MP: 11/11
  2967 | D        | Reached skill level 15 in Fighting
  3047 | D        | Killed from afar by an oklob plant

Illustrated notes

Levels and vault maps discovered:
D:        dungeon_sprint_fedhas [sprint_temple]

Skill      XL: |  1  2  3  4  5  6  7  8  9 10 11 12 |
---------------+-------------------------------------+-----
Fighting       | 3 4 5 7 9 10 11 13 14 15 | 15.0
Dodging        | 3 4 5 7 8 10 11 13 14 | 14.9
Unarmed Combat | 4 5 6 9 10 12 13 15 17 | 17.5
Shields        | 4 8 9 |  9.1

Action                     |  1- 3 |  4- 6 |  7- 9 | 10-12 || total
---------------------------+-------+-------+-------+-------++-------
  Melee: Unarmed           |     9 |    22 |    51 |   118 ||   200
         Punch             |       |       |     5 |     1 ||     6
 Invoke: Berserk           |       |     1 |     1 |     8 ||    10
         Brothers in Arms  |       |       |     3 |    10 ||    13
Ability: Evoke Invisibilit |       |       |     2 |     5 ||     7
    Use: Scroll            |       |       |       |     3 ||     3
   Stab: Invisible         |       |       |     3 |     4 ||     7
 Armour: Animal skin       |     6 |    15 |    27 |    71 ||   119
  Dodge: Dodged            |     2 |     9 |    15 |    48 ||    74
  Block: Kite shield       |       |       |       |    41 ||    41

Table legend: (Time is in decaauts)
 A = Elapsed time spent in this place.
 B = Non-inter-level travel time spent in this place.
 C = Inter-level travel time spent in this place.
 D = Time resting spent in this place.
 E = Time spent auto-exploring this place.
 F = Levels seen in this place.
 G = Mean time per level.
                   A        B        C        D        E       F      G
               +--------+--------+--------+--------+--------+-----+--------+
         Total |   3103 |   2783 |    320 |   1382 |    252 |   1 | 3103.0 |
       Dungeon |   3103 |   2783 |    320 |   1382 |    252 |   1 | 3103.0 |
               +--------+--------+--------+--------+--------+-----+--------+

Top non-repeatable levels by time:
       D: 3103 daAuts
